 Dungeon Crawl Stone Soup version 0.26.0-10-g1f06aea511 (webtiles) character file.

Game seed: 1733606531014020059

2587 Borgoz the Skirmisher (level 9, 58/58 HPs)
             Began as a Gargoyle Berserker on Jan 18, 2021.
             Was an Elder of Trog.
             Quit the game on level 7 of the Dungeon.
             The game lasted 00:10:42 (7434 turns).

Borgoz the Skirmisher (Gargoyle Berserker)          Turns: 7434, Time: 00:10:42

Health: 58/58      AC: 15    Str: 20    XL:     9   Next: 58%
Magic:  9/9        EV: 15    Int:  9    God:    Trog [****..]
Gold:   320        SH:  0    Dex: 18    Spells: 8/8 levels left

rFire    . . .     SeeInvis .   a - +1 falchion
rCold    . . .     Faith    .   (no shield)
rNeg     + . .     Spirit   .   v - +1 ring mail of Kugicubb {rCorr Dex+6} (curse)
rPois    ∞         Reflect  .   (no helmet)
rElec    +         Harm     .   b - +0 cloak
rCorr    +         Rampage  .   (no gloves)
Will     .....                  (no boots)
Stlth    ..........             (no amulet)
HPRegen  0.19/turn              r - ring of attention (curse)
MPRegen  0.11/turn              (no ring)

@: no status effects
A: negative energy resistance 1, electricity resistance, unbreathing,
petrification resistance, miasma immunity, AC +6
a: Renounce Religion, Berserk, Trog's Hand, Brothers in Arms


You were on level 7 of the Dungeon.
You worshipped Trog.
Trog was greatly pleased with you.
You visited 1 branch of the dungeon, and saw 7 of its levels.
You also visited: Sewer.

You collected 320 gold pieces.

Inventory:

Hand Weapons
 a - a +1 falchion (weapon)
Armour
 b - a +0 cloak (worn)
 v - the cursed +1 ring mail of Kugicubb (worn) {rCorr Dex+6}
   (You found it on level 5 of the Dungeon)

   It affects your dexterity (+6).
   It provides partial protection from all sources of acid and corrosion.
   It has a curse placed upon it.
Jewellery
 r - a cursed ring of attention (left hand)
Wands
 c - a wand of disintegration (18)
 k - a wand of iceblast (9)
 l - a wand of digging (4)
 q - a wand of acid (12)
Scrolls
 f - 4 scrolls of remove curse
 h - 3 scrolls of blinking
 j - a scroll of identify
 o - 7 scrolls of teleportation
 t - 4 scrolls of enchant weapon
Potions
 d - 4 potions of curing
 e - 2 potions of mutation
 g - a potion of haste {unknown}
 i - 2 potions of invisibility
 p - 2 potions of magic
 s - 2 potions of flight
 u - 2 potions of ambrosia {unknown}
 w - a potion of berserk rage {unknown}


   Skills:
 + Level 7.7 Fighting
 + Level 6.4 Long Blades
 + Level 7.2 Armour
 + Level 5.5 Dodging


You had 8 spell levels left.
You didn't know any spells.
Your spell library was empty.

Dungeon Overview and Level Annotations

Branches:
Dungeon (7/15)             Temple (0/1) D:6           Sewer (visited)

Altars:
Cheibriados
Elyvilon
Nemelex Xobeh
Qazlal
Trog

Shops:
D:5 [   D:6 [

Annotations:
D:5 3 runed translucent doors, Dani's ghost, novice DsFi; PeterLawrence's ghost, novice MiFi


Innate Abilities, Weirdness & Mutations

You are resistant to torment.
Your stone body is resilient. (AC +6)
You are immune to poison.
You resist negative energy. (rN+)
You are resistant to electric shocks. (rElec)
You can survive without breathing.
You are immune to petrification.
You are immune to miasma.


Message History

You barely miss the hound skeleton.
The hound skeleton is severely damaged.
The goblin hits you but does no damage. The hound skeleton closely misses you.
You slash the hound skeleton!
You destroy the hound skeleton!
Trog accepts your kill. The goblin closely misses you.
The goblin barely misses you.
You riposte.
You slash the goblin!
You kill the goblin!
Trog accepts your kill.
No target in view!
No target in view!
No target in view!
No target in view!
Search for what [? for help]? yes Can't find anything matching that.
Unknown command.
Unknown command.
Unknown command.
Are you sure you want to abandon this character and quit the game? (Confirm with "yes".)

#.# #.##.##### #.#
#.##...... #.#
#.######## #.# #.# #
#.# #.# # #.# #.# #
#.# ###.########
###[#####...........
#..@........########
###..)..###.###
#.........?.#
#.#.(..>###.#
#.#.....###.###
#.#.....#.....#
#.#.....#.###.####
#.#......(# #....#
#.#.....#.###.##.#


There were no monsters in sight!

Vanquished Creatures
  Joseph (D:7)
  Eustachio (D:5)
  A steam dragon (D:6)
  Edmund (D:5)
  A black bear (D:6)
  A necrophage (D:6)
  An orc warrior (D:7)
  A phantom (D:6)
  2 centaurs
  4 bullfrogs
  2 scorpions
  A howler monkey (D:4)
  2 centaur zombies
  5 hounds
  2 jellies
  2 orc priests
  A centaur skeleton (D:6)
  Crazy Yiuf (D:2)
  2 orc wizards (D:7)
  Jessica (D:2)
  An iguana (D:4)
  Natasha (D:2)
  7 worker ants
  2 hound skeletons
  3 gnolls (D:4)
  5 adders
  2 white imps
  An ooze (D:1)
  An adder skeleton (D:5)
  A worm (D:3)
  3 dart slugs (D:1)
  5 leopard geckos
  27 orcs
  11 bats
  12 giant cockroaches
  11 goblins
  5 hobgoblins
  12 jackals
  4 quokkas
  6 ball pythons
  13 frilled lizards
  6 kobolds
  A leopard gecko zombie (D:6)
  A quokka skeleton (D:5)
  7 rats
181 creatures vanquished.

Notes
Turn   | Place    | Note
-------+----------+-------------------------------------------
     0 | D:1      | Borgoz the Gargoyle Berserker began the quest for the Orb.
     0 | D:1      | Reached XP level 1. HP: 14/14 MP: 1/1
   319 | D:1      | Reached XP level 2. HP: 17/19 MP: 2/2
   630 | D:1      | Reached XP level 3. HP: 23/23 MP: 3/3
  1226 | D:2      | Reached ** piety under Trog
  1359 | D:2      | Found a snail-covered altar of Cheibriados.
  1641 | D:2      | Noticed Jessica
  1658 | D:2      | Killed Jessica
  1659 | D:2      | Reached XP level 4. HP: 20/29 MP: 4/4
  1865 | D:2      | Found a runed translucent door.
  1866 | D:2      | Noticed Crazy Yiuf
  1900 | D:2      | Noticed Natasha
  1913 | D:2      | Killed Natasha
  2574 | D:2      | Killed Crazy Yiuf
  2575 | D:2      | Reached XP level 5. HP: 33/33 MP: 5/5
  2713 | D:3      | Found a sparkling altar of Nemelex Xobeh.
  2959 | D:3      | Found a white marble altar of Elyvilon.
  3338 | D:4      | Reached XP level 6. HP: 39/39 MP: 6/6
  3720 | D:4      | Reached skill level 5 in Fighting
  3737 | D:4      | Reached XP level 7. HP: 33/44 MP: 7/7
  3825 | D:4      | Reached *** piety under Trog
  4083 | D:5      | Entered Level 5 of the Dungeon
  4083 | D:5      | Found a runed translucent gate.
  4083 | D:5      | Found a runed translucent gate.
  4083 | D:5      | Found a runed translucent gate.
  4083 | D:5      | Noticed Dani's ghost (novice DsFi)
  4083 | D:5      | Noticed PeterLawrence's ghost (novice MiFi)
  4161 | D:5      | Found a glowing drain.
  4173 | D:5      | Noticed Eustachio
  4229 | D:5      | Killed Eustachio
  4243 | Sewer    | Entered a sewer
  4483 | Sewer    | Reached skill level 5 in Armour
  4914 | D:5      | Reached XP level 8. HP: 50/51 MP: 8/8
  4918 | D:5      | Noticed Edmund
  4943 | D:5      | Killed Edmund
  4944 | D:5      | Reached skill level 5 in Long Blades
  5018 | D:5      | Found Uckoem Higudgh's Armour Boutique.
  5044 | D:5      | Got a crude ring mail
  5055 | D:5      | Identified the cursed +1 ring mail of Kugicubb {rCorr
                  | Dex+6} (You found it on level 5 of the Dungeon)
  5676 | D:6      | Found a bloodstained altar of Trog.
  5837 | D:6      | Found a staircase to the Ecumenical Temple.
  5997 | D:6      | Found a stormy altar of Qazlal.
  6012 | D:6      | Found Veps's Armour Shop.
  6021 | D:6      | Reached XP level 9. HP: 47/56 MP: 9/9
  6078 | D:6      | Reached **** piety under Trog
  6087 | D:6      | Reached skill level 5 in Dodging
  6889 | D:7      | Noticed Joseph
  6907 | D:7      | Killed Joseph
  7434 | D:7      | Quit the game

Illustrated notes

Levels and vault maps discovered:
D:1:      lordsloth_arrival_two_stooges, layout_loops_corners,
          serial_bayou_ford_a
D:2:      layout_basic, cheibriados_altar_1, uniq_jessica, uniq_natasha,
          uniq_crazy_yiuf_cottage
D:3:      layout_basic, elyvilon_altar_1, nicolae_overflow_hidden_temple
D:4:      layout_basic, chequers_serial_rivers_micro_c
D:5:      layout_rooms, cheibrodos_sewer_entry_sluice, gammafunk_ghost_cemetery,
          serial_shops, shop, uniq_edmund, uniq_eustachio
D:6:      lemuel_ice_spiral_2, layout_rooms, bloody_trog,
          general_overflow_altar, minmay_temple_entry_junction, serial_shops,
          nicolae_shop_trees
D:7:      layout_loops_ring, enter_bailey_5, uniq_joseph

Skill      XL: |  1  2  3  4  5  6  7  8  9 |
---------------+----------------------------+-----
Long Blades    | 3 4 5 6 |  6.4
Dodging        | 2 3 4 5 |  5.5
Armour         | 3 4 5 6 7 |  7.2
Fighting       | 4 5 6 7 |  7.7

Action                   |  1- 3 |  4- 6 |  7- 9 || total
-------------------------+-------+-------+-------++-------
Melee: Falchion          |   100 |   248 |   462 ||   810
Invok: Berserk           |       |     5 |     7 ||    12
       Trog's Hand       |       |     1 |     2 ||     3
  Use: Scroll            |       |    10 |     6 ||    16
       Potion            |       |       |     1 ||     1
Armor: Animal skin       |    38 |     3 |       ||    41
       Plate armour      |       |   274 |   361 ||   635
       Ring mail         |       |       |   113 ||   113
Dodge: Dodged            |    76 |   120 |   315 ||   511
       Rpst.: Falchion   |    25 |    39 |    86 ||   150
